 Dungeon Crawl Stone Soup version 0.31-a0-1540-g5a0b83f448 (webtiles) character file.

Game seed: 2182512461249748716

1651 wildpjah the Slasher (level 8, -5/60 HPs)
             Began as a Demonspawn Gladiator on Jan 2, 2024.
             Was an Initiate of Qazlal.
             Killed by divine providence
             ... invoked by an orc priest
              (13 damage)
             ... on level 6 of the Dungeon.
             The game lasted 00:12:13 (3846 turns).

wildpjah the Slasher (Demonspawn Gladiator)         Turns: 3846, Time: 00:12:14

Health: -5/60      AC:  8    Str: 21    XL:     8   Next: 68%
Magic:  9/9        EV: 14    Int:  9    God:    Qazlal [......]
Gold:   704        SH:  4    Dex: 22    Spells: 7/7 levels left

rFire   + . .        a - +0 long sword (protect)
rCold   + . .        (no shield)
rNeg    . . .        j - +0 ring mail
rPois   +            c - +0 helmet
rElec   +            g - +0 cloak
rCorr   +            (no gloves)
SInv    .            (no boots)
Will    .....        h - amulet of regeneration
Stlth   ++           d - +6 ring of dexterity
HPRegen 1.10/turn    o - +6 ring of strength
MPRegen 0.11/turn

%: no passive effects
@: brilliant, resistant, studying Air Magic
A: claws 1, large bone plates 1, powered by death 2
a: Renounce Religion


You were on level 6 of the Dungeon.
You worshipped Qazlal.
Qazlal was noncommittal.
You visited 1 branch of the dungeon, and saw 6 of its levels.

You collected 728 gold pieces.
You spent 24 gold pieces at shops.

Inventory:

Hand Weapons
 a - a +0 long sword of protection (weapon)
Missiles
 p - 4 boomerangs
Armour
 b - a +0 leather armour
 c - a +0 helmet (worn)
 g - a +0 cloak (worn)
 j - a +0 ring mail (worn)
Magical Staves
 s - a staff of air
Jewellery
 d - a +6 ring of dexterity (left claw)
 h - an amulet of regeneration (around neck)
 o - a +6 ring of strength (right claw)
Scrolls
 f - a scroll of poison {unknown}
 i - 2 scrolls of fear
 k - 2 scrolls of teleportation {unknown}
 l - a scroll of silence
 m - 3 scrolls of revelation {unknown}
 t - a scroll of enchant weapon
 u - a scroll of torment {unknown}
 v - 2 scrolls of enchant armour {unknown}
 w - 3 scrolls of vulnerability {unknown}
 x - a scroll of fog {unknown}
Potions
 n - a potion of curing
 r - a potion of brilliance


   Skills:
 + Level 3.8 Fighting
 + Level 6.7 Long Blades
 + Level 2.2 Throwing
 + Level 3.4 Armour
 * Level 5.3 Dodging
 + Level 2.5 Stealth
 + Level 2.3 Shields
 * Level 2.2 Invocations


You had 7 spell levels left.
You didn't know any spells.
Your spell library contained the following spells:

 Spells                   Type           Power      Damage    Failure   Level
 Magic Dart               Conj           0%         1d3       54%         1
 Slow                     Hex            0%         N/A       54%         1
 Blink                    Tloc           0%         N/A       69%         2
 Call Imp                 Summ           0%         N/A       69%         2
 Mercury Vapours          Alch/Air       0%         N/A       69%         2
 Sublimation of Blood     Necr           0%         N/A       69%         2
 Confusing Touch          Hex            0%         N/A       89%         3
 Mephitic Cloud           Conj/Alch/Air  0%         N/A       89%         3
 Sigil of Binding         Hex            0%         N/A       89%         3
 Vampiric Draining        Necr           0%         2d6       89%         3
 Freezing Cloud           Conj/Ice/Air   0%         6-21      100%        5
 Summon Hydra             Summ           0%         N/A       100%        7


Dungeon Overview and Level Annotations

Branches:
Dungeon (6/15)
 Temple: D:4-7

Altars:
Dithmenos
Hepliaklqana
Makhleb
Qazlal
Ru

Shops:
D:5 *


Innate Abilities, Weirdness & Mutations

You have sharp fingernails.
You are partially covered in large bone plates. (SH +4)
You regenerate health from kills.


Message History

The bombardier beetle bites the plant.
The plant begins to die.
Found a scroll of identify.
You shake off some of the fire as you move.
The liquid fire burns you!
An orc wizard appears from thin air!
Reactivating autopickup.
You shake off some of the fire as you move.
The liquid fire burns you!
* * * LOW HITPOINT WARNING * * *
Found a dagger.
You shake off the liquid fire.
The orc priest invokes the aid of Beogh against you.
Beogh smites you!
* * * LOW HITPOINT WARNING * * *
Okay, then.
It was a potion of brilliance.
You feel clever all of a sudden.
Okay, then.
It was a potion of curing.
You feel better.
It was a potion of resistance.
You feel protected.
You slash the orc priest!
Your weapon exudes an aura of protection.
The orc priest is severely wounded.
The orc priest calls down the wrath of Beogh upon you.
Pain shoots through your body!
* * * LOW HITPOINT WARNING * * *
The orc wizard mumbles some strange words.
The orc wizard flickers and vanishes!
Deactivating autopickup; reactivate with Ctrl-A.
You closely miss the orc priest.
The orc priest is severely wounded.
The orc priest hits you but does no damage.
You closely miss the orc priest.
The orc priest is severely wounded.
You closely miss the orc priest.
The orc priest is severely wounded.
The orc priest calls down the wrath of Beogh upon you.
Beogh smites you!
You die...

#####.# #... .# .#
#... +##. ######
#... ... ♣§§♣♣P
#...###..# ♣♣.P♣§♣.♣
#........# ♣.♣♣♣♣.♣♣
#...?.?.)♣ ♣♣P♣♣♣..♣
#.....o..♣
♣♣♣.♣[♣..♣ #..@#♣♣
♣P♣.P.♣..♣ #.##P$♣♣
♣♣♣P♣.♣...♣
#.♣.♣♣.♣.♣.♣♣..♣..P.
#..♣PP♣.♣P.♣..♣.P♣..
#o♣P.§♣P.♣.♣♣.♣P.P.♣
#.§.P♣§♣..P♣.♣♣♣P.♣.
##§§♣.♣♣ ♣.♣÷.♣P♣...
##BPo§♣ ♣P...♣..PP♣
#.§♣P♣♣♣♣....P♣..♣


You could see an orc priest.

Vanquished Creatures
  Sigmund (D:2)
  2 sky beasts (D:6)
  6 ogres
  A scorpion (D:6)
  A howler monkey (D:5)
  2 bombardier beetles
  3 hounds
  5 jellies
  4 iguanas
  An orc wizard (D:6)
  Robin (D:2)
  10 adders
  4 gnolls (D:4)
  3 river rats (D:6)
  2 ufetubi (D:6)
  2 dart slugs (D:4)
  A ribbon worm (D:2)
  8 orcs
  8 bats
  9 endoplasms
  13 goblins
  8 hobgoblins
  9 jackals
  4 quokkas
  10 ball pythons
  4 frilled lizards
  2 kobolds
  2 rats
126 creatures vanquished.

Notes
Turn   | Place    | Note
-------+----------+-------------------------------------------
     0 | D:1      | wildpjah the Demonspawn Gladiator began the quest for the
                  | Orb.
     0 | D:1      | Reached XP level 1. HP: 16/16 MP: 1/1
   276 | D:1      | Gained mutation: You regenerate a little health from kills.
                  | [demonic ancestry]
   276 | D:1      | Reached XP level 2. HP: 22/22 MP: 2/2
   428 | D:1      | Reached skill level 3 in Long Blades
   891 | D:2      | Reached XP level 3. HP: 24/28 MP: 3/3
  1211 | D:2      | Gained mutation: You are partially covered in large bone
                  | plates. (SH +4) [demonic ancestry]
  1211 | D:2      | Reached XP level 4. HP: 34/34 MP: 4/4
  1285 | D:2      | Noticed Robin
  1311 | D:2      | Killed Robin
  1421 | D:2      | Noticed Sigmund
  1450 | D:2      | Killed Sigmund
  1451 | D:2      | Reached skill level 4 in Long Blades
  1451 | D:2      | Reached XP level 5. HP: 16/41 MP: 5/5
  1549 | D:2      | Gained mutation: You have sharp fingernails. [demonic
                  | ancestry]
  1549 | D:2      | Reached XP level 6. HP: 47/47 MP: 6/6
  1841 | D:4      | Reached skill level 5 in Long Blades
  2255 | D:4      | Reached skill level 1 in Stealth
  2255 | D:4      | Reached XP level 7. HP: 22/52 MP: 7/7
  2347 | D:4      | You fall into a shaft and drop 1 floor!
  2347 | D:5      | Entered Level 5 of the Dungeon
  2375 | D:5      | Reached skill level 1 in Shields
  2715 | D:5      | Found Ecag's General Store.
  2722 | D:5      | Bought a scroll of identify for 24 gold pieces
  2725 | D:5      | Identified a scroll of acquirement
  2727 | D:5      | Acquired 493 gold pieces
  2864 | D:5      | Gained mutation: You regenerate health from kills. [demonic
                  | ancestry]
  2864 | D:5      | Reached XP level 8. HP: 58/58 MP: 8/8
  2889 | D:5      | Reached skill level 6 in Long Blades
  3007 | D:5      | Found a stormy altar of Qazlal.
  3014 | D:5      | Became a worshipper of Qazlal Stormbringer
  3019 | D:5      | Found a burning altar of Makhleb.
  3097 | D:5      | Found a sacrificial altar of Ru.
  3401 | D:6      | Found a shadowy altar of Dithmenos.
  3425 | D:6      | Reached skill level 5 in Dodging
  3602 | D:6      | Reached skill level 1 in Invocations
  3624 | D:6      | Found a hazy altar of Hepliaklqana.
  3837 | D:6      | HP: 3/60 [orc priest/divine providence (15)]
  3846 | D:6      | Killed from afar by an orc priest

Illustrated notes

Levels and vault maps discovered:
D:1:      nagdon_arrival_double_spiral, layout_loops_ring,
          nicolae_kite_square_tiling_tiny, chequers_serial_rivers_room_a,
          serial_bayou_lagoon_a, grunt_decor_fettered
D:2:      layout_basic, st_stairs_6, uniq_robin, uniq_sigmund
D:3:      layout_rooms
D:4:      layout_loops_ring
D:5:      layout_loops_ring, hangedman_ru_absence, jmf_multi_god_temple2,
          serial_shops, nicolae_diamond_shop
D:6:      wad_woods_stonehenge, layout_basic, worldfamousw_hep_ancestral_shrine,
          minmay_temple_entry_nine_rooms

Skill      XL: |  1  2  3  4  5  6  7  8 |
---------------+-------------------------+-----
Long Blades    | 3 4 5 6 |  6.7
Dodging        | 3 4 5 |  5.3
Fighting       | 3 |  3.8
Armour         | 2 3 |  3.4
Throwing       | 2 |  2.2
Stealth        | 1 2 |  2.5
Shields        | 2 |  2.3
Invocations    | 2 |  2.2

Action                     |  1- 3 |  4- 6 |  7- 9 || total
---------------------------+-------+-------+-------++-------
  Melee: Long sword        |   105 |   164 |   218 ||   487
         Punch             |       |     1 |     7 ||     8
  Throw: Throwing net      |       |     5 |     1 ||     6
         Javelin           |       |       |     3 ||     3
    Use: Potion            |       |     1 |     3 ||     4
         Scroll            |       |       |     7 ||     7
   Stab: Sleeping          |     1 |     1 |     4 ||     6
         Held in net/web   |       |     4 |       ||     4
         Distracted        |       |       |     1 ||     1
 Armour: Leather armour    |    74 |    99 |    43 ||   216
         Ring mail         |       |       |    53 ||    53
  Dodge: Dodged            |    96 |    78 |   124 ||   298
  Block: Other             |       |    16 |    42 ||    58

Table legend: (Time is in decaauts)
 A = Elapsed time spent in this place.
 B = Non-inter-level travel time spent in this place.
 C = Inter-level travel time spent in this place.
 D = Time resting spent in this place.
 E = Time spent auto-exploring this place.
 F = Levels seen in this place.
 G = Mean time per level.
                   A        B        C        D        E       F      G
               +--------+--------+--------+--------+--------+-----+--------+
         Total |   3934 |   3784 |    150 |      0 |   2690 |   6 |  655.7 |
       Dungeon |   3934 |   3784 |    150 |      0 |   2690 |   6 |  655.7 |
               +--------+--------+--------+--------+--------+-----+--------+

Top non-repeatable levels by time:
     D:2: 895 daAuts
     D:1: 849 daAuts
     D:4: 825 daAuts
     D:5: 811 daAuts
     D:6: 503 daAuts
     D:3: 50 daAuts
